 Dungeon Crawl Stone Soup version 0.24.0-123-gd5b16e6ec5 (webtiles) character file.

Game seed: 9703175898021961351, levelgen mode: deterministic

19 McKennaii the Conjurer (level 2, -7/20 HPs)
             Began as a Draconian Conjurer on Jan 25, 2020.
             Mangled by a worm (12 damage)
             ... on level 1 of the Dungeon.
             The game lasted 00:01:32 (664 turns).

McKennaii the Conjurer (Draconian Conjurer)          Turns: 664, Time: 00:01:33

Health: -7/20      AC:  4    Str: 10    XL:     2   Next: 55%
Magic:  0/5        EV: 12    Int: 15    God:
Gold:   47         SH:  0    Dex: 11    Spells: 4/5 levels left

rFire    . . .     SeeInvis .   (no weapon)
rCold    . . .     Gourm    .   (no shield)
rNeg     + . .     Faith    .   (armour unavailable)
rPois    .         Spirit   .   (helmet restricted)
rElec    .         Reflect  .   (no cloak)
rCorr    .         Harm     .   (no gloves)
MR       .....                  (no boots)
Stlth    ++........             (no amulet)
HPRegen  0.06/turn              g - ring of positive energy
MPRegen  0.09/turn              (no ring)

@: no status effects
A: unfitting armour, cold-blooded, AC +4
a: no special abilities


You were on level 1 of the Dungeon.
You were not hungry.

You visited 1 branch of the dungeon, and saw 1 of its levels.

You collected 47 gold pieces.

Inventory:

Jewellery
 g - a ring of positive energy (left hand)
Scrolls
 e - a scroll of remove curse {unknown}
 f - 5 scrolls of identify {unknown}
 j - a scroll of blinking {unknown}
 l - a scroll of immolation {unknown}
Potions
 a - 3 potions of mutation {unknown}
 c - a potion of heal wounds {unknown}
 d - a potion of might {unknown}
 h - 2 potions of agility {unknown}
 i - a potion of lignification {unknown}
 k - a potion of berserk rage {unknown}
Comestibles
 b - a ration


   Skills:
 + Level 1.8 Dodging
 + Level 1.8 Stealth
 + Level 2.1 Spellcasting
 + Level 4.6 Conjurations


You had 4 spell levels left.
You knew the following spells:

 Your Spells              Type           Power        Failure   Level  Hunger
a - Magic Dart            Conj           ###.         3%          1    #......

Your spell library contained the following spells:

 Spells                   Type           Power        Failure   Level  Hunger
 Searing Ray              Conj           ###...       4%          2    ###....
 Dazzling Spray           Conj/Hex       #.....       26%         3    ###....
 Iskenderun's Mystic Bla  Conj           ###.....     32%         4    #####..
 Force Lance              Conj/Tloc      #.......     63%         4    #####..
 Fulminant Prism          Conj/Hex       #.........   63%         4    #####..


Dungeon Overview and Level Annotations

Branches:
Dungeon (1/15)

Altars:


Innate Abilities, Weirdness & Mutations

Your plain brown scales are hard. (AC +4)
You cannot fit into any form of body armour.
You are cold-blooded and may be slowed by cold attacks.


Message History

The worm is severely wounded.
You hit the worm but do no damage.
The worm is severely wounded.
The worm bites you but does no damage.
You hit the worm.
The worm is severely wounded.
The worm bites you!
* * * LOW HITPOINT WARNING * * *
You hit the worm.
The worm is severely wounded.
You hit the worm but do no damage.
The worm is severely wounded.
The worm barely misses you.
You hit the worm.
The worm is almost dead.
You hit the worm.
The worm is almost dead.
The worm bites you!
Ouch! That really hurt!
You die...

.#.≈# #.[.#.###.# ..# .###.#
#...#.....### #.# ..# ##
#...##.#....######..# ####.#
#...##.##.#.........# ..#.#
#...##..#..####.....# ##..#
#...###.##.# ##.....# .##.##
#...###..#.###......# .###.#
#....###.#.##.......# ###.##
##...# #@#....#.....#
#..#.##.##...###w##..##.....#
#..##...###....#........#####
#....### ##......#.....#
#<.≈.#### ##...........##
#####≈§§###...###...#..## .
.§§##..#.# #...#.... ##
...##.##.# #....##.##
≈>≈#..##.# #..#..#...


You could see a worm.

Vanquished Creatures
  A dart slug (D:1)
  6 bats (D:1)
  2 goblins (D:1)
  3 hobgoblins (D:1)
  3 kobolds (D:1)
  A rat (D:1)
16 creatures vanquished.

Notes
Turn   | Place    | Note
-------+----------+-------------------------------------------
     0 | D:1      | McKennaii the Draconian Conjurer began the quest for the
                  | Orb.
     0 | D:1      | Reached XP level 1. HP: 14/14 MP: 3/3
   301 | D:1      | Reached XP level 2. HP: 20/20 MP: 1/5
   664 | D:1      | Mangled by a worm

Levels and vault maps discovered:
D:1:      dpeg_arrival_brainrot, layout_rooms, kennysheep_small_spiral

Action                   || total
-------------------------++-------
Melee: Unarmed           ||    30
       Tailslap          ||     3
 Cast: Magic Dart        ||    39
Armor: Skin              ||    12
Dodge: Dodged            ||    25
